[ AOE2 MATCH · #485144467 ]
UnrankedGurjaras vs Incas
Player's team · LOSS
[ REPLAY ANALYSIS · EXTRACTED FROM THE RECORDED GAME ]
Feudal
8:27
Castle
12:32
Imperial
—
| APM avg | 30.1 |
| APM peak | 62 |
| eAPM avg | 16.4 |
| Villagers / military | 58 / 36 |
Focus
⚔️ 32.6% · 🌾 67.4%
Scorpion ×30 · Armored Elephant ×3 · Monk ×2 · Mangonel ×1
Feudal
11:27
Castle
15:05
Imperial
—
| APM avg | 48.2 |
| APM peak | 83 |
| eAPM avg | 20.4 |
| Villagers / military | 90 / 4 |
Focus
⚔️ 25.6% · 🌾 74.4%
Unknown (2550) ×60 · Monk ×2 · Mangonel ×1 · Spearman ×1
Match map
Initial resources + every placement click. Lines = walls · curves = elevation contours. ◆ gold · ⬟ stone · ● berries · ✦ relic · ◌ wall gap
Your base· ✓ Closed at 12:32 · 0t walls · 2 gate(s)
MJZ's base· ✓ Closed at 15:05 · 0t walls · 2 gate(s)
Smoothed initial terrain · ◌ = detected wall gap · hover for details
Inputs per minute
— DS_Gitano Urbano - - MJZ
Build order — DS_Gitano Urbano
First 150 of 164 actions detected
| 0:00 | Create | Villager (Male) ×4 |
| 0:03 | Build | House |
| 0:04 | Build | House |
| 0:41 | Build | Mill |
| 1:41 | Create | Villager (Male) |
| 1:56 | Create | Villager (Male) |
| 2:20 | Create | Villager (Male) |
| 2:43 | Create | Villager (Male) |
| 3:08 | Create | Villager (Male) |
| 3:08 | Create | Villager (Male) |
| 3:27 | Build | House |
| 3:28 | Build | House |
| 3:43 | Create | Villager (Male) |
| 3:59 | Create | Villager (Male) |
| 4:16 | Create | Villager (Male) |
| 4:19 | Create | Villager (Male) |
| 4:36 | Build | Lumber Camp |
| 4:48 | Create | Villager (Male) |
| 6:15 | Research | Feudal Age |
| 7:21 | Research | Loom |
| 8:27 | Age | Feudal Age |
| 8:29 | Build | Market |
| 8:40 | Create | Villager (Male) |
| 9:20 | Build | Blacksmith |
| 9:22 | Create | Villager (Male) |
| 9:52 | Research | Castle Age |
| 10:09 | Build | House |
| 10:38 | Build | Mining Camp |
| 11:14 | Research | Double-Bit Axe |
| 11:16 | Research | Gold Mining |
| 11:23 | Build | House |
| 12:32 | Age | Castle Age |
| 12:35 | Build | Siege Workshop |
| 12:42 | Create | Villager (Male) |
| 12:42 | Create | Villager (Male) |
| 12:52 | Build | Siege Workshop |
| 13:21 | Create | Armored Elephant |
| 13:35 | Create | Armored Elephant |
| 13:45 | Build | House |
| 14:07 | Create | Scorpion |
| 14:25 | Create | Villager (Male) |
| 14:44 | Create | Scorpion |
| 15:10 | Create | Scorpion |
| 15:38 | Create | Villager (Male) |
| 15:40 | Create | Scorpion |
| 15:40 | Create | Scorpion |
| 16:03 | Create | Scorpion |
| 16:25 | Create | Scorpion |
| 16:38 | Build | House |
| 16:51 | Create | Scorpion |
| 16:51 | Create | Scorpion |
| 17:16 | Create | Villager (Male) |
| 17:17 | Create | Villager (Male) |
| 17:51 | Create | Scorpion |
| 17:51 | Create | Scorpion |
| 18:45 | Build | House |
| 19:01 | Create | Scorpion |
| 19:02 | Create | Scorpion |
| 19:16 | Create | Villager (Male) |
| 19:17 | Create | Villager (Male) |
| 19:21 | Create | Armored Elephant |
| 19:43 | Create | Scorpion |
| 19:43 | Create | Scorpion |
| 20:19 | Create | Scorpion |
| 20:32 | Create | Villager (Male) |
| 20:47 | Create | Scorpion |
| 20:50 | Build | House |
| 21:04 | Create | Scorpion |
| 21:09 | Build | Palisade Wall |
| 21:21 | Create | Scorpion |
| 21:48 | Create | Scorpion |
| 22:00 | Create | Scorpion |
| 22:10 | Create | Villager (Male) |
| 22:13 | Create | Villager (Male) |
| 22:16 | Build | Farm |
| 22:17 | Build | Farm |
| 22:17 | Build | Farm |
| 22:40 | Create | Villager (Male) |
| 22:44 | Build | House |
| 22:49 | Create | Scorpion |
| 23:07 | Create | Villager (Male) |
| 23:18 | Build | Farm |
| 23:47 | Create | Scorpion |
| 24:08 | Create | Villager (Male) |
| 24:09 | Create | Scorpion |
| 24:10 | Create | Scorpion |
| 24:19 | Create | Villager (Male) |
| 24:27 | Create | Scorpion |
| 24:40 | Create | Villager (Male) |
| 25:01 | Create | Scorpion |
| 25:02 | Create | Scorpion |
| 25:10 | Build | Farm |
| 25:11 | Build | Farm |
| 25:11 | Build | Farm |
| 25:11 | Build | Farm |
| 25:31 | Create | Villager (Male) |
| 26:02 | Create | Scorpion |
| 26:02 | Create | Scorpion |
| 26:15 | Create | Villager (Male) |
| 26:20 | Build | House |
| 26:28 | Create | Villager (Male) |
| 26:56 | Create | Villager (Male) |
| 27:07 | Build | Town Center |
| 27:08 | Build | Farm |
| 27:08 | Build | Farm |
| 27:09 | Build | Farm |
| 27:09 | Build | Farm |
| 27:09 | Build | Farm |
| 27:31 | Build | Monastery |
| 27:37 | Build | Lumber Camp |
| 27:38 | Create | Villager (Male) |
| 27:51 | Create | Villager (Male) |
| 28:24 | Build | Farm |
| 28:27 | Build | Farm |
| 28:35 | Create | Monk |
| 28:38 | Create | Villager (Male) |
| 28:52 | Create | Villager (Male) |
| 28:56 | Build | Farm |
| 28:59 | Build | Farm |
| 28:59 | Build | Farm |
| 28:59 | Build | Farm |
| 29:00 | Build | Farm |
| 29:02 | Build | Farm |
| 29:12 | Create | Villager (Male) |
| 29:23 | Build | Farm |
| 29:23 | Build | Farm |
| 29:23 | Build | Farm |
| 29:24 | Build | Farm |
| 29:25 | Build | Farm |
| 29:27 | Build | Farm |
| 29:28 | Build | Farm |
| 29:30 | Build | Farm |
| 29:31 | Build | Farm |
| 29:32 | Build | Farm |
| 29:33 | Create | Villager (Male) |
| 29:49 | Build | Farm |
| 29:54 | Create | Villager (Male) |
| 29:54 | Create | Villager (Male) |
| 30:15 | Create | Villager (Male) |
| 30:26 | Build | Siege Workshop |
| 30:38 | Create | Villager (Male) |
| 30:39 | Create | Villager (Male) |
| 30:39 | Create | Villager (Male) |
| 30:51 | Research | Horse Collar |
| 30:57 | Create | Monk |
| 31:01 | Create | Villager (Male) |
| 31:24 | Create | Villager (Male) |
| 31:40 | Research | Sanctity |
| 31:50 | Create | Villager (Male) |
| 31:50 | Create | Villager (Male) |
Build order — MJZ
First 150 of 224 actions detected
| 0:02 | Create | Villager (Male) |
| 0:02 | Create | Villager (Male) |
| 0:03 | Build | House |
| 0:08 | Build | House |
| 0:43 | Create | Villager (Male) |
| 0:43 | Create | Villager (Male) |
| 1:33 | Create | Villager (Male) |
| 1:33 | Create | Villager (Male) |
| 1:51 | Build | Settlement |
| 2:04 | Create | Villager (Male) |
| 2:19 | Create | Villager (Male) |
| 2:41 | Create | Villager (Male) |
| 3:16 | Create | Villager (Male) |
| 3:40 | Create | Villager (Male) |
| 3:54 | Create | Villager (Male) |
| 4:27 | Create | Villager (Male) |
| 5:07 | Create | Villager (Male) |
| 5:23 | Create | Villager (Male) |
| 5:50 | Create | Villager (Male) |
| 6:03 | Create | Villager (Male) |
| 6:10 | Build | Settlement |
| 6:12 | Create | Villager (Male) |
| 6:57 | Create | Villager (Male) |
| 6:57 | Create | Villager (Male) |
| 7:06 | Create | Villager (Male) |
| 7:45 | Create | Villager (Male) |
| 8:40 | Research | Loom |
| 8:40 | Research | Feudal Age |
| 9:05 | Build | Barracks |
| 9:48 | Create | Villager (Male) |
| 9:49 | Create | Villager (Male) |
| 10:01 | Build | Farm |
| 10:04 | Build | Farm |
| 10:08 | Build | Farm |
| 10:12 | Build | Farm |
| 10:20 | Build | Farm |
| 10:29 | Build | Farm |
| 11:27 | Age | Feudal Age |
| 11:31 | Build | Market |
| 11:47 | Build | Blacksmith |
| 12:12 | Create | Unit 2550 |
| 12:25 | Research | Castle Age |
| 12:25 | Research | Castle Age |
| 12:28 | Research | Double-Bit Axe |
| 12:48 | Create | Unit 2550 |
| 12:48 | Create | Unit 2550 |
| 13:19 | Build | Barracks |
| 13:36 | Research | Tech 1402 |
| 13:42 | Build | Outpost |
| 13:57 | Research | Horse Collar |
| 14:09 | Create | Unit 2550 |
| 14:17 | Create | Unit 2550 |
| 14:17 | Create | Unit 2550 |
| 14:32 | Create | Unit 2550 |
| 14:32 | Create | Unit 2550 |
| 14:38 | Research | Scale Mail Armor |
| 14:54 | Create | Villager (Male) |
| 14:59 | Create | Unit 2550 |
| 14:59 | Create | Unit 2550 |
| 15:05 | Age | Castle Age |
| 15:37 | Research | Tech 1351 |
| 15:45 | Create | Unit 2550 |
| 15:45 | Create | Unit 2550 |
| 16:32 | Build | Barracks |
| 16:34 | Create | Villager (Male) |
| 16:34 | Create | Villager (Male) |
| 16:49 | Create | Villager (Male) |
| 16:57 | Build | Gate |
| 16:59 | Create | Villager (Male) |
| 16:59 | Create | Villager (Male) |
| 17:12 | Build | Barracks |
| 17:14 | Create | Unit 2550 |
| 17:14 | Create | Unit 2550 |
| 17:20 | Research | Tech 1351 |
| 17:26 | Build | Settlement |
| 17:37 | Create | Villager (Male) |
| 17:58 | Create | Unit 2550 |
| 18:19 | Build | Farm |
| 18:21 | Build | Farm |
| 18:22 | Create | Villager (Male) |
| 18:39 | Create | Villager (Male) |
| 18:49 | Create | Unit 2550 |
| 18:49 | Create | Unit 2550 |
| 19:06 | Build | Farm |
| 19:08 | Build | Farm |
| 19:12 | Create | Unit 2550 |
| 19:12 | Create | Unit 2550 |
| 19:29 | Create | Unit 2550 |
| 19:29 | Create | Unit 2550 |
| 19:56 | Create | Unit 2550 |
| 19:56 | Create | Unit 2550 |
| 20:00 | Build | Farm |
| 20:00 | Build | Farm |
| 20:13 | Create | Villager (Male) |
| 20:31 | Build | Farm |
| 20:37 | Create | Villager (Male) |
| 20:45 | Build | Farm |
| 20:54 | Build | Farm |
| 21:05 | Build | Farm |
| 21:12 | Create | Spearman |
| 21:18 | Build | Gate |
| 21:23 | Create | Villager (Male) |
| 21:23 | Create | Villager (Male) |
| 21:32 | Build | Farm |
| 21:44 | Build | Farm |
| 21:46 | Create | Villager (Male) |
| 22:01 | Build | Farm |
| 22:03 | Build | Farm |
| 22:11 | Create | Villager (Male) |
| 22:11 | Create | Villager (Male) |
| 22:22 | Build | Farm |
| 22:25 | Create | Villager (Male) |
| 22:39 | Create | Unit 2550 |
| 22:47 | Build | Farm |
| 22:55 | Create | Unit 2550 |
| 22:55 | Create | Unit 2550 |
| 22:59 | Create | Unit 2550 |
| 22:59 | Create | Unit 2550 |
| 23:17 | Create | Villager (Male) |
| 23:17 | Create | Villager (Male) |
| 23:30 | Create | Unit 2550 |
| 23:30 | Create | Unit 2550 |
| 23:33 | Build | Barracks |
| 23:43 | Create | Unit 2550 |
| 23:44 | Create | Unit 2550 |
| 23:51 | Create | Villager (Male) |
| 24:13 | Create | Unit 2550 |
| 24:13 | Create | Unit 2550 |
| 24:27 | Create | Unit 2550 |
| 24:41 | Create | Unit 2550 |
| 24:49 | Create | Villager (Male) |
| 25:02 | Create | Unit 2550 |
| 25:02 | Create | Unit 2550 |
| 25:12 | Create | Unit 2550 |
| 25:23 | Create | Unit 2550 |
| 25:28 | Create | Villager (Male) |
| 25:48 | Create | Villager (Male) |
| 25:56 | Create | Unit 2550 |
| 26:06 | Create | Villager (Male) |
| 26:07 | Create | Unit 2550 |
| 26:07 | Create | Unit 2550 |
| 26:19 | Create | Villager (Male) |
| 26:23 | Build | Town Center |
| 26:35 | Create | Villager (Male) |
| 26:35 | Create | Villager (Male) |
| 26:44 | Build | Settlement |
| 26:45 | Create | Villager (Male) |
| 26:45 | Create | Villager (Male) |
| 26:54 | Build | Stone Wall |
| 26:59 | Create | Villager (Male) |
Match timeline
| 8:27 | DS_Gitano Urbano · age_up feudal |
| 9:05 | MJZ · first_building Barracks |
| 9:50 | DS_Gitano Urbano · first_market_sell 100 stone |
| 11:27 | MJZ · age_up feudal |
| 12:21 | DS_Gitano Urbano · first_market_buy 100 wood |
| 12:32 | DS_Gitano Urbano · age_up castle |
| 12:35 | DS_Gitano Urbano · first_building Siege Workshop |
| 14:31 | MJZ · first_market_sell 100 wood |
| 15:05 | MJZ · age_up castle |
| 15:11 | MJZ · first_market_buy 100 food |
| 21:09 | DS_Gitano Urbano · wall_segment Palisade Wall x1 |
| 26:54 | MJZ · wall_segment Stone Wall x7 |
| 27:31 | DS_Gitano Urbano · first_building Monastery |
| 28:16 | MJZ · first_building Siege Workshop |
| 29:35 | MJZ · first_building Monastery |
| 31:45 | MJZ · first_building Castle |
| 34:21 | DS_Gitano Urbano · resign |
[ AI ANALYSIS · 1 CREDIT ]
What really happened in this match?
Wolo.gg analyzes every decision: build order, eco, micro, common mistakes by bracket. Personalized analysis on WhatsApp or Discord in 30 seconds.
Civ guide
Gurjaras
Perfil
DS_Gitano Urbano